3R
BETHLEHEM ANGEL KITTIES @ CANONNIERS DE QUEBEC
08/23/2041
 
TOP OF THE 1ST
Bethlehem Angel Kitties batting - Pitching for Canonniers de Quebec : LHP Edgar Morales
Pitching: LHP Edgar Morales
Batting: LHB Norm Williams 0-0: Ball
1-0: Ground out U3 (Groundball, 3, EV 80.0 MPH)
Batting: SHB Daniel Washington 0-0: SINGLE (Line Drive, 56, EV 105.6 MPH)
Batting: LHB Ernesto Valenzuela 0-0: Ball
1-0: Foul Ball, location: 2F
1-1: Foul Ball, location: 2F
1-2: Foul Ball, location: 2F
1-2: Ball
2-2: Fielders Choice at 2nd, 6-4 (Groundball, 6M, EV 110.6 MPH)
Batting: RHB Hwui-ning Chen 0-0: Ball
1-0: Swinging Strike
1-1: Ball
2-1: SINGLE (Line Drive, 34, EV 94.4 MPH)
Ernesto Valenzuela to second
Runner from 2nd tries for 3rd, SAFE, no throw by RF
Batting: SHB Toshiaki Watanabe 0-0: DOUBLE (Flyball, 89D, EV 101.2 MPH)
Ernesto Valenzuela scores
Hwui-ning Chen to third
Runner from 3rd tries for Home, SAFE, throw by CF to trailing runner, SAFE at third!
Batting: RHB Ángelo Gallegos 0-0: Foul Ball, location: 2F
0-1: Swinging Strike
0-2: Foul Ball, location: 2F
0-2: Ball
1-2: Ground out 4-3 (Groundball, 4, EV 78.1 MPH)
Top of the 1st over - 2 runs, 3 hits, 0 errors, 1 left on base; Bethlehem 2 - Canonniers de Quebec 0
BOTTOM OF THE 1ST
Canonniers de Quebec batting - Pitching for Bethlehem Angel Kitties : LHP Ángel Díaz
Pitching: LHP Ángel Díaz
Batting: SHB Russ King 0-0: Called Strike
0-1: Ball
1-1: Ball
2-1: Foul Ball, location: 2F
2-2: Foul Ball, location: 2F
2-2: SOLO HOME RUN (Line Drive, 7D, EV 104.4 MPH), Distance : 386 ft
Batting: RHB Nick West 0-0: Foul Ball, location: 2F
0-1: Foul Ball, location: 2F
0-2: Strikes out looking
Batting: LHB Román Ramos 0-0: SINGLE (Groundball, 34, EV 85.0 MPH) (infield hit)
Batting: LHB Juan Romero 0-0: Fielders Choice at 2nd, 2-4 (Groundball, 15S, EV 70.0 MPH)
Batting: RHB Arthur Hall 0-0: Called Strike
0-1: SINGLE (Flyball, 9LS, EV 88.8 MPH)
Juan Romero to second
Runner from 2nd tries for 3rd, SAFE, throw by RF made to third
Batting: LHB Abdul-Alim Nadeem 0-0: Ball
1-0: SINGLE (Line Drive, 5D, EV 96.9 MPH)
Juan Romero scores
Arthur Hall to second
Runner from 2nd tries for 3rd, SAFE, throw by LF made to third
Batting: RHB Juan Cortéz 0-0: Foul Ball, location: 2F
0-1: Ball
1-1: Swinging Strike
1-2: Ball
2-2: Ball
3-2: Strikes out looking
Bottom of the 1st over - 2 runs, 4 hits, 0 errors, 2 left on base; Bethlehem 2 - Canonniers de Quebec 2
TOP OF THE 2ND
Bethlehem Angel Kitties batting - Pitching for Canonniers de Quebec : LHP Edgar Morales
Batting: RHB Christian L'Écuyer 0-0: Called Strike
0-1: Ball
1-1: Fly out, F7 (Flyball, 78M, EV 88.8 MPH)
Batting: LHB Cam Nicholson 0-0: Called Strike
0-1: Foul Ball, location: 2F
0-2: Strikes out swinging
Batting: RHB Wyatt Shepherd 0-0: Foul Ball, location: 2F
0-1: Ball
1-1: Called Strike
1-2: Ball
2-2: Strikes out looking
Top of the 2nd over - 0 runs, 0 hits, 0 errors, 0 left on base; Bethlehem 2 - Canonniers de Quebec 2
BOTTOM OF THE 2ND
Canonniers de Quebec batting - Pitching for Bethlehem Angel Kitties : LHP Ángel Díaz
Batting: RHB Rich Robinson 0-0: Ball
1-0: Called Strike
1-1: Ball
2-1: Fly out, F9 (Flyball, 9LS, EV 83.8 MPH)
Batting: RHB Manny Costello 0-0: Ball
1-0: Called Strike
1-1: Fly out, F8 (Flyball, 89M, EV 85.0 MPH)
Batting: SHB Russ King 0-0: Ball
1-0: Swinging Strike
1-1: Ball
2-1: Ball
3-1: Foul Ball, location: 2F
3-2: Base on Balls
Batting: RHB Nick West 0-0: Ball
1-0: Foul Ball, location: 2F
1-1: Swinging Strike
1-2: Ball
2-2: Foul Ball, location: 2F
2-2: DOUBLE (Line Drive, 9LS, EV 89.4 MPH)
Russ King to third
Runner from 3rd tries for Home, SAFE, throw by RF to trailing runner, SAFE at third!
Batting: LHB Román Ramos 0-0: Foul Ball, location: 2F
0-1: Called Strike
0-2: Strikes out swinging
Bottom of the 2nd over - 1 run, 1 hit, 0 errors, 1 left on base; Bethlehem 2 - Canonniers de Quebec 3
TOP OF THE 3RD
Bethlehem Angel Kitties batting - Pitching for Canonniers de Quebec : LHP Edgar Morales
Batting: LHB Norm Williams 0-0: Ball
1-0: Swinging Strike
1-1: Ground out 6-3 (Groundball, 6M, EV 81.2 MPH)
Batting: SHB Daniel Washington 0-0: Ball
1-0: Called Strike
1-1: Called Strike
1-2: Strikes out swinging
Batting: LHB Ernesto Valenzuela 0-0: Fly out, F8 (Flyball, 8LM, EV 95.6 MPH)
Top of the 3rd over - 0 runs, 0 hits, 0 errors, 0 left on base; Bethlehem 2 - Canonniers de Quebec 3
BOTTOM OF THE 3RD
Canonniers de Quebec batting - Pitching for Bethlehem Angel Kitties : LHP Ángel Díaz
Batting: LHB Juan Romero 0-0: Ball
1-0: Fly out, F9 (Flyball, 9LS, EV 79.4 MPH)
Batting: RHB Arthur Hall 0-0: Called Strike
0-1: Called Strike
0-2: Ball
1-2: Ball
2-2: Strikes out looking
Batting: LHB Abdul-Alim Nadeem 0-0: Called Strike
0-1: Foul Ball, location: 2F
0-2: Foul Ball, location: 2F
0-2: Ground out U3 (Groundball, 3L, EV 82.5 MPH)
Bottom of the 3rd over - 0 runs, 0 hits, 0 errors, 0 left on base; Bethlehem 2 - Canonniers de Quebec 3
TOP OF THE 4TH
Bethlehem Angel Kitties batting - Pitching for Canonniers de Quebec : LHP Edgar Morales
Batting: RHB Hwui-ning Chen 0-0: Swinging Strike
0-1: Foul Ball, location: 2F
0-2: Strikes out swinging
Batting: SHB Toshiaki Watanabe 0-0: Ball
1-0: Ball
2-0: SINGLE (Line Drive, 34, EV 99.4 MPH)
Batting: RHB Ángelo Gallegos 0-0: Ball
1-0: Ball
2-0: Ball
3-0: Called Strike
3-1: Fly out, F7 (Flyball, 7S, EV 91.9 MPH)
Batting: RHB Christian L'Écuyer 0-0: Called Strike
0-1: Ball
1-1: Foul Ball, location: 2F
1-2: Fielders Choice at 2nd, 6-4 (Groundball, 6, EV 91.2 MPH)
Top of the 4th over - 0 runs, 1 hit, 0 errors, 1 left on base; Bethlehem 2 - Canonniers de Quebec 3
BOTTOM OF THE 4TH
Canonniers de Quebec batting - Pitching for Bethlehem Angel Kitties : LHP Ángel Díaz
Batting: RHB Juan Cortéz 0-0: Swinging Strike
0-1: Ball
1-1: Swinging Strike
1-2: Strikes out swinging
Batting: RHB Rich Robinson 0-0: Called Strike
0-1: Ball
1-1: Ball
2-1: Swinging Strike
2-2: Ball
3-2: Strikes out looking
Batting: RHB Manny Costello 0-0: DOUBLE (Flyball, 8RXD, EV 103.1 MPH)
Batting: SHB Russ King 0-0: Ground out 5-3 (Groundball, 56, EV 106.9 MPH)
Bottom of the 4th over - 0 runs, 1 hit, 0 errors, 1 left on base; Bethlehem 2 - Canonniers de Quebec 3
TOP OF THE 5TH
Bethlehem Angel Kitties batting - Pitching for Canonniers de Quebec : LHP Edgar Morales
Batting: LHB Cam Nicholson 0-0: SOLO HOME RUN (Line Drive, 9D, EV 100.6 MPH), Distance : 374 ft
Batting: RHB Wyatt Shepherd 0-0: Ball
1-0: Fly out, F3 (Popup, 3, EV 70.0 MPH)
Batting: LHB Norm Williams 0-0: Called Strike
0-1: Foul Ball, location: 2F
0-2: Foul Ball, location: 2F
0-2: Ball
1-2: Strikes out swinging
Batting: SHB Daniel Washington 0-0: Ball
1-0: Called Strike
1-1: Swinging Strike
1-2: Ball
2-2: Strikes out looking
Top of the 5th over - 1 run, 1 hit, 0 errors, 0 left on base; Bethlehem 3 - Canonniers de Quebec 3
BOTTOM OF THE 5TH
Canonniers de Quebec batting - Pitching for Bethlehem Angel Kitties : LHP Ángel Díaz
Batting: RHB Nick West 0-0: Called Strike
0-1: Ground out 6-3 (Groundball, 6M, EV 100.0 MPH)
Batting: LHB Román Ramos 0-0: Called Strike
0-1: Ball
1-1: SINGLE (Groundball, 4MD, EV 100.6 MPH)
Batting: LHB Juan Romero 0-0: Foul Ball, location: 2F
0-1: Ball
1-1: Foul Ball, location: 2F
1-2: Ball
2-2: Ball
3-2: Fly out, F9 (Flyball, 9LSF, EV 76.9 MPH)
Batting: RHB Arthur Hall 0-0: Ball
1-0: Fly out, F8 (Flyball, 8RD, EV 90.6 MPH)
Bottom of the 5th over - 0 runs, 1 hit, 0 errors, 1 left on base; Bethlehem 3 - Canonniers de Quebec 3
TOP OF THE 6TH
Bethlehem Angel Kitties batting - Pitching for Canonniers de Quebec : LHP Edgar Morales
Batting: LHB Ernesto Valenzuela 0-0: Reached on error, E8 (Flyball, 8RS, EV 95.6 MPH)
Batting: RHB Hwui-ning Chen 0-0: Ball
1-0: Called Strike
1-1: Grounds into double play, 6-4-3 (Groundball, 6M, EV 105.0 MPH)
Batting: SHB Toshiaki Watanabe 0-0: Called Strike
0-1: Ball
1-1: Swinging Strike
1-2: SINGLE (Groundball, 56D, EV 106.9 MPH)
Batting: RHB Ángelo Gallegos 0-0: Called Strike
0-1: Foul Ball, location: 2F
0-2: Strikes out swinging
Top of the 6th over - 0 runs, 1 hit, 1 error, 1 left on base; Bethlehem 3 - Canonniers de Quebec 3
BOTTOM OF THE 6TH
Canonniers de Quebec batting - Pitching for Bethlehem Angel Kitties : LHP Ángel Díaz
Batting: LHB Abdul-Alim Nadeem 0-0: Swinging Strike
0-1: Foul Ball, location: 2F
0-2: Foul Ball, location: 2F
0-2: SINGLE (Line Drive, 78S, EV 106.2 MPH)
Batting: RHB Juan Cortéz 0-0: Foul Ball, location: 2F
0-1: Foul Ball, location: 2F
0-2: Strikes out swinging
Batting: RHB Rich Robinson 0-0: Ball
1-0: Ball
2-0: Ball
3-0: Called Strike
3-1: Foul Ball, location: 2F
3-2: Base on Balls
Abdul-Alim Nadeem to second
Pitching: RHP Luiz Palmeiro
Batting: RHB Manny Costello 0-0: Called Strike
0-1: Foul Ball, location: 2F
0-2: Strikes out swinging
Batting: SHB Russ King 0-0: Ball
1-0: Called Strike
1-1: Swinging Strike
1-2: Ball
2-2: Strikes out swinging
Bottom of the 6th over - 0 runs, 1 hit, 0 errors, 2 left on base; Bethlehem 3 - Canonniers de Quebec 3
TOP OF THE 7TH
Bethlehem Angel Kitties batting - Pitching for Canonniers de Quebec : LHP Edgar Morales
Batting: RHB Christian L'Écuyer 0-0: Ball
1-0: Ball
2-0: Called Strike
2-1: Foul Ball, location: 2F
2-2: Ball
3-2: Base on Balls
Batting: LHB Cam Nicholson 0-0: Ball
1-0: Ball
2-0: Called Strike
2-1: Ball
3-1: Foul Ball, location: 2F
3-2: SINGLE (Line Drive, 6D, EV 102.5 MPH)
Christian L'Écuyer to second
Pitching: RHP Kyuichi Ozawa
Batting: RHB Wyatt Shepherd 0-0: Ball
1-0: Foul Ball, location: 2F
1-1: Foul Ball, location: 2F
1-2: Foul Ball, location: 2F
1-2: Strikes out swinging
Batting: LHB Norm Williams 0-0: Ball
1-0: Reached on error, E4 (Groundball, 4, EV 85.0 MPH)
Christian L'Écuyer to third
Cam Nicholson to second
Batting: SHB Daniel Washington 0-0: Called Strike
0-1: Ball
1-1: Ball
2-1: Ball
3-1: Swinging Strike
3-2: Strikes out swinging
Batting: LHB Ernesto Valenzuela 0-0: Ball
1-0: Ball
2-0: Foul Ball, location: 2F
2-1: Foul Ball, location: 2F
2-2: Strikes out swinging
Top of the 7th over - 0 runs, 1 hit, 1 error, 3 left on base; Bethlehem 3 - Canonniers de Quebec 3
BOTTOM OF THE 7TH
Canonniers de Quebec batting - Pitching for Bethlehem Angel Kitties : RHP Luiz Palmeiro
Batting: RHB Nick West 0-0: Ball
1-0: Foul Ball, location: 2F
1-1: Foul Ball, location: 2F
1-2: Foul Ball, location: 2F
1-2: Foul Ball, location: 2F
1-2: Foul Ball, location: 2F
1-2: Foul Ball, location: 2F
1-2: Ball
2-2: Ball
3-2: Fly out, F2 (Popup, 23F, EV 85.0 MPH)
Batting: LHB Román Ramos 0-0: Ball
1-0: Ball
2-0: Ball
3-0: Base on Balls
Pitching: RHP Enreecko Rodriguez
Batting: LHB Juan Romero 0-0: Ball
1-0: Foul Ball, location: 2F
1-1: Called Strike
1-2: Ball
2-2: Foul Ball, location: 2F
2-2: Foul Ball, location: 2F
2-2: Ball
3-2: Foul Ball, location: 2F
3-2: Fly out, F8 (Flyball, 89XD, EV 89.4 MPH)
Batting: RHB Arthur Hall 0-0: Called Strike
0-1: Called Strike
0-2: Foul Ball, location: 2F
0-2: Ball
1-2: Ball
2-2: Strikes out looking
Bottom of the 7th over - 0 runs, 0 hits, 0 errors, 1 left on base; Bethlehem 3 - Canonniers de Quebec 3
TOP OF THE 8TH
Bethlehem Angel Kitties batting - Pitching for Canonniers de Quebec : RHP Kyuichi Ozawa
Batting: RHB Hwui-ning Chen 0-0: Foul Ball, location: 2F
0-1: Swinging Strike
0-2: Ball
1-2: Strikes out swinging
Batting: SHB Toshiaki Watanabe 0-0: Ball
1-0: Ground out 1-3 (Groundball, 13S, EV 60.6 MPH)
Batting: RHB Ángelo Gallegos 0-0: Called Strike
0-1: Ball
1-1: Ball
2-1: Ball
3-1: Called Strike
3-2: Strikes out looking
Top of the 8th over - 0 runs, 0 hits, 0 errors, 0 left on base; Bethlehem 3 - Canonniers de Quebec 3
BOTTOM OF THE 8TH
Canonniers de Quebec batting - Pitching for Bethlehem Angel Kitties : RHP Enreecko Rodriguez
Batting: LHB Abdul-Alim Nadeem 0-0: Ball
1-0: Called Strike
1-1: Called Strike
1-2: Ball
2-2: Strikes out swinging
Batting: RHB Juan Cortéz 0-0: Ball
1-0: Called Strike
1-1: Ball
2-1: SINGLE (Flyball, 34D, EV 86.9 MPH)
Pitching: RHP César Cruz
Batting: RHB Rich Robinson 0-0: SINGLE (Line Drive, 89S, EV 87.5 MPH)
Juan Cortéz to second
Pinch Runner at 2nd Ed Reese:
Batting: RHB Manny Costello 0-0: Ball
Ed Reese is caught stealing 3rd base 2-5
Rich Robinson to second
1-0: Ground out 1-3 (Groundball, 13, EV 83.1 MPH)
Bottom of the 8th over - 0 runs, 2 hits, 0 errors, 1 left on base; Bethlehem 3 - Canonniers de Quebec 3
TOP OF THE 9TH
Bethlehem Angel Kitties batting - Pitching for Canonniers de Quebec : RHP Kyuichi Ozawa
Batting: RHB Christian L'Écuyer 0-0: Fly out, F9 (Line Drive, 9D, EV 96.2 MPH)
Batting: LHB Cam Nicholson 0-0: Ball
1-0: Called Strike
1-1: Ball
2-1: Ball
3-1: Called Strike
3-2: Strikes out swinging
Pinch Hitting: RHB Dieter de Jong 0-0: Foul Ball, location: 2F
0-1: Ground out 6-3 (Groundball, 6, EV 92.5 MPH)
Top of the 9th over - 0 runs, 0 hits, 0 errors, 0 left on base; Bethlehem 3 - Canonniers de Quebec 3
BOTTOM OF THE 9TH
Canonniers de Quebec batting - Pitching for Bethlehem Angel Kitties : RHP César Cruz
Now at C: Jay Dowling
Batting: SHB Russ King 0-0: Called Strike
0-1: Swinging Strike
0-2: Strikes out swinging
Batting: RHB Nick West 0-0: Called Strike
0-1: Ball
1-1: Foul Ball, location: 2F
1-2: Ball
2-2: Ball
3-2: Base on Balls
Batting: LHB Román Ramos 0-0: Called Strike
Nick West is caught stealing 2nd base 2-6
0-1: Ball
1-1: Called Strike
1-2: Ball
2-2: Foul Ball, location: 2F
2-2: Foul Ball, location: 2F
2-2: Strikes out swinging
Bottom of the 9th over - 0 runs, 0 hits, 0 errors, 0 left on base; Bethlehem 3 - Canonniers de Quebec 3
TOP OF THE 10TH
Bethlehem Angel Kitties batting - Pitching for Canonniers de Quebec : RHP Kyuichi Ozawa
Pitching: LHP François L'Écuyer
Batting: LHB Norm Williams 0-0: Foul Ball, location: 2F
0-1: Ball
1-1: Foul Ball, location: 2F
1-2: Strikes out swinging
Batting: SHB Daniel Washington 0-0: Ball
1-0: Ball
2-0: SINGLE (Line Drive, 34D, EV 98.1 MPH)
Pinch Hitting: RHB Jim Ellis 0-0: Ball
1-0: Ball
2-0: Foul Ball, location: 2F
2-1: Foul Ball, location: 2F
2-2: Fly out, F8 (Flyball, 8RXD, EV 90.6 MPH)
Batting: RHB Hwui-ning Chen 0-0: Swinging Strike
0-1: Ball
1-1: Ball
2-1: Called Strike
2-2: Fly out, F9 (Flyball, 9S, EV 91.2 MPH)
Top of the 10th over - 0 runs, 1 hit, 0 errors, 1 left on base; Bethlehem 3 - Canonniers de Quebec 3
BOTTOM OF THE 10TH
Canonniers de Quebec batting - Pitching for Bethlehem Angel Kitties : RHP César Cruz
Pitching: RHP Roberto Martínez
Now at SS: Bruno Brewster
Batting: LHB Juan Romero 0-0: Ground out U3 (Groundball, 3, EV 85.6 MPH)
Batting: RHB Arthur Hall 0-0: Ball
1-0: Called Strike
1-1: Foul Ball, location: 2F
1-2: Fly out, F8 (Line Drive, 8RD, EV 88.8 MPH)
Batting: LHB Abdul-Alim Nadeem 0-0: Foul Ball, location: 2F
0-1: Ball
1-1: Fly out, F8 (Flyball, 8LS, EV 85.0 MPH)
Bottom of the 10th over - 0 runs, 0 hits, 0 errors, 0 left on base; Bethlehem 3 - Canonniers de Quebec 3
TOP OF THE 11TH
Bethlehem Angel Kitties batting - Pitching for Canonniers de Quebec : LHP François L'Écuyer
Batting: SHB Toshiaki Watanabe 0-0: Swinging Strike
0-1: Ground out 6-3 (Groundball, 6S, EV 80.0 MPH)
Batting: RHB Ángelo Gallegos 0-0: Ball
1-0: Swinging Strike
1-1: Swinging Strike
1-2: Strikes out swinging
Batting: RHB Christian L'Écuyer 0-0: SINGLE (Groundball, 4MD, EV 99.4 MPH)
Batting: LHB Cam Nicholson 0-0: SINGLE (Line Drive, 5D, EV 96.9 MPH)
Christian L'Écuyer to second
Batting: RHB Jay Dowling 0-0: Swinging Strike
0-1: DOUBLE (Line Drive, 7LD, EV 111.9 MPH)
Christian L'Écuyer scores
Cam Nicholson to third
Runner from 3rd tries for Home, SAFE, no throw by LF
Batting: LHB Norm Williams 0-0: Ball
1-0: Ground out 6-3 (Groundball, 6, EV 83.8 MPH)
Top of the 11th over - 2 runs, 3 hits, 0 errors, 1 left on base; Bethlehem 5 - Canonniers de Quebec 3
BOTTOM OF THE 11TH
Canonniers de Quebec batting - Pitching for Bethlehem Angel Kitties : RHP Roberto Martínez
Batting: SHB Ed Reese 0-0: Swinging Strike
0-1: Ball
1-1: Called Strike
1-2: Ball
2-2: Ball
3-2: Foul Ball, location: 2F
3-2: Foul Ball, location: 2F
3-2: Ground out 4-3 (Groundball, 4D, EV 81.2 MPH)
Batting: RHB Rich Robinson 0-0: Ball
1-0: Ball
2-0: Foul Ball, location: 2F
2-1: Foul Ball, location: 2F
2-2: Strikes out looking
Batting: RHB Manny Costello 0-0: Foul Ball, location: 2F
0-1: Bunted foul
0-2: Ball
1-2: Strikes out swinging
Bottom of the 11th over - 0 runs, 0 hits, 0 errors, 0 left on base; Bethlehem 5 - Canonniers de Quebec 3
Tuesday, January 5th, 2021 - OOTP Baseball 20.8 Build 74